 Dungeon Crawl Stone Soup version 0.19.0-20-gbc5f0c6 (webtiles) character file.

800 JeffiDaFish the Cudgeler (level 7, -1/43 HPs)
             Began as a Gargoyle Fighter on Nov 17, 2016.
             Was an Initiate of Makhleb.
             Slain by an ice beast (9 damage)
             ... on level 5 of the Dungeon.
             The game lasted 00:07:08 (3620 turns).

JeffiDaFish the Cudgeler (Gargoyle Fighter)         Turns: 3620, Time: 00:07:09

Health: -1/43      AC: 12    Str: 22    XL:     7   Next: 90%
Magic:  7/7        EV:  8    Int:  8    God:    Makhleb [......]
Gold:   180        SH: 11    Dex:  9    Spells: 0 memorised, 6 levels left

rFire  . . .     SeeInvis .     a - +2 flail
rCold  . . .     Gourm    .     b - +0 scale mail
rNeg   + . .     Faith    .     c - +1 shield
rPois  ∞         Spirit   .     (no helmet)
rElec  +         Reflect  .     (no cloak)
rCorr  .         Harm     .     (no gloves)
MR     .....                    (no boots)
Stlth  ..........               (no amulet)
                                (no ring)
                                (no ring)

@: no status effects
A: negative energy resistance 1, electricity resistance, unbreathing,
petrification resistance, rot immunity, AC +4
a: Renounce Religion


You were on level 5 of the Dungeon.
You worshipped Makhleb.
Makhleb was noncommittal.
You were hungry.

You visited 2 branches of the dungeon, and saw 6 of its levels.

You collected 180 gold pieces.

Inventory:

Hand Weapons
 a - a +2 flail (weapon)
Armour
 b - a +0 scale mail (worn)
 c - a +1 shield (worn)
Jewellery
 n - an uncursed amulet of guardian spirit
Wands
 j - a wand of enslavement (21/24)
Scrolls
 e - 3 scrolls of identify
 h - a scroll of amnesia
 i - 5 scrolls of remove curse
 q - a scroll of teleportation
Potions
 d - a potion of might
Comestibles
 f - 3 bread rations
 k - a slice of pizza
 m - a royal jelly
 o - 2 meat rations
 p - 2 chunks of flesh


   Skills:
 + Level 4.2 Fighting
 + Level 5.6 Maces & Flails
 + Level 5.2 Armour
 + Level 1.5 Dodging
 + Level 0.5 Stealth
 + Level 5.6 Shields


You had 6 spell levels left.
You didn't know any spells.

Dungeon Overview and Level Annotations

Branches:
Dungeon (5/15)             Temple (1/1) D:4

Altars:
Ashenzari
Dithmenos
Fedhas
Gozag
Hepliaklqana
Makhleb
Okawaru
Ru
Sif Muna
Vehumet
Xom
Yredelemnul
The Shining One


Innate Abilities, Weirdness & Mutations

You are resistant to torment.
Your stone body is resilient. (AC +4)
You are immune to poison.
You resist negative energy. (rN+)
You are resistant to electric shocks. (rElec)
You can survive without breathing.
You are immune to petrification.
You are immune to rotting.


Message History

You block the phantom's attack. The ice beast barely misses you.
You closely miss the ice beast.
The ice beast is severely wounded.
You block the phantom's attack.
The ice beast hits you but does no damage.
The phantom blinks!
You barely miss the ice beast.
The ice beast is severely wounded.
The ice beast hits you. The ice beast freezes you!
* * * LOW HITPOINT WARNING * * *
You are too injured to fight recklessly!
You are too injured to fight recklessly!
You are too injured to fight recklessly!
You are too injured to fight recklessly!
You are too injured to fight recklessly!
You are too injured to fight recklessly!
You feel better. The ice beast hits you.
* * * LOW HITPOINT WARNING * * *
The ice beast freezes you!
You die...

#. )...... ..
....... #. .>.....
#. ...W... #.#
....... #.# .....
#.####.####[.##..#
.......@Y.........
#.####............
#............
#............
#.#####+#####
#.#####+######
#............#
#............#
#............#


You could see an ice beast.

Vanquished Creatures
  The ghost of toast the Chopper, an amateur MiFi (D:4)
  Sigmund (D:4)
  2 hounds (D:4)
  2 orc wizards
  3 orc priests
  2 worker ants
  3 gnolls (D:4)
  6 adders
  A shadow imp (D:5)
  A worm (D:3)
  4 dart slugs
  4 leopard geckos
  13 orcs
  2 giant cockroaches
  8 goblins
  6 hobgoblins
  A jackal (D:2)
  A quokka (D:4)
  3 bats
  5 frilled lizards
  8 kobolds
  5 rats
82 creatures vanquished.

Notes
Turn   | Place    | Note
-------+----------+-------------------------------------------
     0 | D:1      | JeffiDaFish the Gargoyle Fighter began the quest for the Orb.
     0 | D:1      | Reached XP level 1. HP: 14/14 MP: 1/1
    47 | D:1      | Found a glowing golden altar of the Shining One.
   123 | D:1      | Reached XP level 2. HP: 17/19 MP: 2/2
   421 | D:1      | Reached XP level 3. HP: 22/23 MP: 3/3
   685 | D:2      | Found a faded altar of an unknown god.
   685 | D:2      | Found a faded altar of an unknown god.
   690 | D:2      | Found a faded altar of an unknown god.
   692 | D:2      | Found a shattered altar of Ashenzari.
   694 | D:2      | Found a faded altar of an unknown god.
  1094 | D:2      | Found a sacrificial altar of Ru.
  1161 | D:3      | Reached XP level 4. HP: 29/29 MP: 4/4
  1372 | D:3      | Reached XP level 5. HP: 33/33 MP: 5/5
  2099 | D:3      | Reached XP level 6. HP: 38/38 MP: 6/6
  2658 | D:4      | Reached skill level 1 in Dodging
  2755 | D:4      | Noticed toast's ghost (amateur MiFi)
  2763 | D:4      | Killed toast's ghost
  2763 | D:4      | Reached skill level 5 in Maces & Flails
  2763 | D:4      | Reached skill level 5 in Shields
  2763 | D:4      | Reached XP level 7. HP: 27/43 MP: 7/7
  3133 | D:4      | Reached skill level 5 in Armour
  3162 | D:4      | Found a staircase to the Ecumenical Temple.
  3175 | Temple   | Entered the Ecumenical Temple
  3209 | Temple   | Became a worshipper of Makhleb the Destroyer
  3347 | D:4      | Noticed Sigmund
  3361 | D:4      | Killed Sigmund
  3505 | D:5      | Entered Level 5 of the Dungeon
  3616 | D:5      | HP: 2/43 [ice beast (14)]
  3620 | D:5      | Slain by an ice beast

Skill      XL: |  1  2  3  4  5  6  7 |
---------------+----------------------+-----
Maces & Flails | 3 4 5 |  5.6
Shields        | 4 5 |  5.6
Armour         | 4 5 |  5.2
Dodging        | 1 |  1.5
Fighting       | 4 |  4.2
Stealth        | |  0.5

Action                   |  1- 3 |  4- 6 |  7- 9 || total
-------------------------+-------+-------+-------++-------
Melee: Flail             |   125 |   157 |    46 ||   328
  Use: Potion            |     3 |     2 |     3 ||     8
       Scroll            |     4 |     7 |     2 ||    13
  Eat: Chunk             |     1 |     6 |     2 ||     9
Armor: Scale mail        |    88 |    85 |    17 ||   190
Dodge: Dodged            |    50 |    44 |    12 ||   106
Block: Shield            |    67 |    89 |    28 ||   184
